 Dungeon Crawl Stone Soup version 0.20-a0-970-gcd8f41e (webtiles) character file.

88 Murumi the Covert (level 4, -4/39 HPs)
             Began as a Naga Assassin on Apr 8, 2017.
             Slain by Natasha (6 damage)
             ... on level 2 of the Dungeon.
             The game lasted 00:04:42 (2235 turns).

Murumi the Covert (Naga Assassin)                   Turns: 2235, Time: 00:04:43

Health: -4/39      AC:  4    Str: 13    XL:     4   Next: 54%
Magic:  4/4        EV:  9    Int: 12    God:
Gold:   60         SH:  0    Dex: 13    Spells: 3/3 levels left

rFire    . . .     SeeInvis +   a - +2 dagger
rCold    . . .     Gourm    .   (no shield)
rNeg     . . .     Faith    .   c - +1 robe
rPois    +         Spirit   .   (no helmet)
rElec    .         Reflect  .   d - +0 cloak
rCorr    .         Harm     .   (no gloves)
MR       .....                  (no barding)
Stlth    ++++......             (no amulet)
Regen    0.2/turn               (no ring)
MPRegen  0.1/turn               (no ring)

@: short of breath, very slow
A: see invisible, deformed body, poison resistance, slowness 2, slow metabolism
1, spit poison 1, AC +1
a: Spit Poison


You were on level 2 of the Dungeon.
You were not hungry.

You visited 1 branch of the dungeon, and saw 2 of its levels.

You collected 60 gold pieces.

Inventory:

Hand Weapons
 a - a +2 dagger (weapon)
 b - a +0 blowgun
Missiles
 e - 8 poisoned needles
 f - 2 curare-tipped needles
 h - 26 stones (quivered)
 j - 8 javelins
 n - 2 needles of sleeping
Armour
 c - a +1 robe (worn)
 d - a +0 cloak (worn)
Scrolls
 k - a scroll of enchant armour
Comestibles
 g - a bread ration
 i - a meat ration


   Skills:
 - Level 2.0 Fighting
 - Level 2.0 Short Blades
 - Level 2.0 Throwing
 - Level 1.0 Dodging
 + Level 8.6 Stealth


You had 3 spell levels left.
You didn't know any spells.

Dungeon Overview and Level Annotations

Branches:
Dungeon (2/15)

Altars:
Xom

Annotations:
D:2 Natasha


Innate Abilities, Weirdness & Mutations

You cannot wear boots.
Your serpentine skin is tough. (AC +1)
You have supernaturally acute eyesight. (SInv)
Armour fits poorly on your strangely shaped body.
Your system is resistant to poisons. (rPois)
You cover ground very slowly.
You have a slow metabolism.
You can spit poison.


Message History

All of the chunks of flesh in your inventory have rotted away.
You hit Natasha.
Natasha is severely wounded.
You have got your breath back.
Natasha claws you!
* * * LOW HITPOINT WARNING * * *
Press: ? - help, Shift-Dir - straight line, f/p - Natasha
Aim: Natasha (severely wounded)
The splash of poison misses Natasha.
You feel slightly more hungry. Natasha claws you.
* * * LOW HITPOINT WARNING * * *
You hit Natasha.
Natasha is severely wounded.
Natasha casts a spell at you. The magic dart hits you!
* * * LOW HITPOINT WARNING * * *
You barely miss Natasha.
Natasha is severely wounded.
Natasha claws you.
You die...

####### .......
....... .......
######.......
#..@#........
####h5....... ...#
##.b#####.## ...#
####..## ...#
##.#..### ...#
###....#..#
...######........##
#...........####.#
#...........# #.#


You could see Natasha, a white imp and a bat.

Vanquished Creatures
  Terence (D:1)
  2 adders (D:2)
  An ooze (D:1)
  A worm (D:2)
  2 dart slugs (D:1)
  2 giant cockroaches (D:2)
  3 goblins
  3 hobgoblins
  4 jackals (D:2)
  6 kobolds
  3 bats (D:1)
  3 frilled lizards
  6 rats
37 creatures vanquished.

Notes
Turn   | Place    | Note
-------+----------+-------------------------------------------
     0 | D:1      | Murumi the Naga Assassin began the quest for the Orb.
     0 | D:1      | Reached XP level 1. HP: 19/19 MP: 1/1
    13 | D:1      | Reached skill level 6 in Stealth
    25 | D:1      | Reached skill level 1 in Dodging
   309 | D:1      | Reached XP level 2. HP: 22/26 MP: 2/2
  1092 | D:1      | Reached skill level 7 in Stealth
  1092 | D:1      | Reached XP level 3. HP: 14/32 MP: 3/3
  1593 | D:2      | Noticed Terence
  1607 | D:1      | HP: 1/32 [Terence/flail (4)]
  1608 | D:1      | Killed Terence
  1608 | D:1      | Reached skill level 8 in Stealth
  1608 | D:1      | Reached XP level 4. HP: 2/39 MP: 4/4
  2151 | D:2      | Found a shimmering altar of Xom.
  2151 | D:2      | Found a shimmering altar of Xom.
  2151 | D:2      | Found a shimmering altar of Xom.
  2152 | D:2      | Found a shimmering altar of Xom.
  2198 | D:2      | Noticed Natasha
  2235 | D:2      | Slain by Natasha

Vault maps used:
D:1:      mrwooster_arrival_statue_3, serial_forest,
          infiniplex_forest_end_double, infiniplex_forest_lined_1,
          infiniplex_forest_end_1, infiniplex_forest_clump_curved,
          infiniplex_forest_lined_corner, infiniplex_forest_clump_small,
          infiniplex_forest_straight_2
D:2:      xom_redecorated, lemuel_coloured_pillars_altar, lemuel_doored_altar,
          makhleb_blood_cavern_becter, uniq_terence, uniq_natasha

Skill      XL: |  1  2  3 |
---------------+----------+-----
Stealth        | 6 7 8 |  8.6
Dodging        | 1 |  1.0
Throwing       | 2 |  2.0
Fighting       | |  2.0
Short Blades   | |  2.0

Action                   |  1- 3 |  4- 6 || total
-------------------------+-------+-------++-------
Melee: Dagger            |    85 |    61 ||   146
 Abil: Spit Poison       |     3 |     9 ||    12
  Use: Scroll            |       |     5 ||     5
       Potion            |       |     1 ||     1
 Stab: Sleeping          |     4 |     2 ||     6
  Eat: Chunk             |     1 |     2 ||     3
Armor: Robe              |    13 |    25 ||    38
Dodge: Dodged            |    30 |    39 ||    69
